 Dungeon Crawl Stone Soup version 0.24.1-11-gbbbb2193e6 (webtiles) character file.

Game seed: 11365478068441838124, levelgen mode: deterministic

294 Gwenloh the Grasshopper (level 6, -2/39 HPs)
             Began as a Halfling Warper on May 12, 2020.
             Slain by a river rat (6 damage)
             ... on level 4 of the Dungeon.
             The game lasted 00:17:53 (5089 turns).

Gwenloh the Grasshopper (Halfling Warper)           Turns: 5089, Time: 00:17:54

Health: -2/39      AC:  3    Str: 12    XL:     6   Next: 60%
Magic:  5/9        EV: 14    Int: 13    God:
Gold:   106        SH:  0    Dex: 14    Spells: 2/9 levels left

rFire    . . .     SeeInvis .   a - +0 short sword
rCold    . . .     Gourm    .   (shield restricted)
rNeg     . . .     Faith    .   n - +0 leather armour
rPois    .         Spirit   .   (no helmet)
rElec    .         Reflect  .   (no cloak)
rCorr    .         Harm     .   (no gloves)
MR       .....                  (no boots)
Stlth    +.........             (no amulet)
HPRegen  0.13/turn              (no ring)
MPRegen  0.11/turn              (no ring)

@: very slightly contaminated, very slow
A: small, mutation resistance 1
a: no special abilities


You were on level 4 of the Dungeon.
You were hungry.

You visited 1 branch of the dungeon, and saw 4 of its levels.

You collected 106 gold pieces.

Inventory:

Hand Weapons
 a - a +0 short sword (weapon)
 b - a +0 hunting sling
Missiles
 e - 5 boomerangs of dispersal
 h - 120 stones
 o - 8 boomerangs
 q - 19 poisoned darts (quivered)
Armour
 n - a +0 leather armour (worn)
Jewellery
 t - a +3 ring of evasion {unknown}
Scrolls
 d - a scroll of blinking
 j - a scroll of identify {unknown}
 r - 2 scrolls of remove curse
 s - a scroll of fear {unknown}
Potions
 c - 5 potions of curing {unknown}
 i - 2 potions of agility {unknown}
 k - 2 potions of lignification {unknown}
 l - 2 potions of invisibility {unknown}
 p - a potion of heal wounds {unknown}
Comestibles
 f - 7 rations
 g - 8 chunks of flesh


   Skills:
 - Level 1.8 Fighting
 + Level 3.9 Short Blades
 * Level 3.6(3.8) Slings
 - Level 1.0(1.8) Throwing
 + Level 2.5 Armour
 - Level 2.4 Dodging
 + Level 2.1 Spellcasting
 + Level 1.9 Charms
 * Level 4.6 Translocations


You had 2 spell levels left.
You knew the following spells:

 Your Spells              Type           Power        Failure   Level  Hunger
a - Blink                 Tloc           N/A          7%          2    ###....
b - Shroud of Golubria    Chrm/Tloc      #.....       12%         2    ###....
c - Gell's Gravitas       Tloc           ##........   14%         3    ####...

Your spell library contained the following spells:

 Spells                   Type           Power        Failure   Level  Hunger
 Lesser Beckoning         Tloc           ##........   14%         3    ####...
 Teleport Other           Tloc           ##......     14%         3    ####...
 Passage of Golubria      Tloc           N/A          43%         4    #####..


Dungeon Overview and Level Annotations

Branches:
Dungeon (4/15)
 Temple: D:4-7

Altars:
Ashenzari
Ru
Sif Muna
Uskayaw
Vehumet
Wu Jian


Innate Abilities, Weirdness & Mutations

You are small and have problems with some larger weapons.
You are somewhat resistant to further mutation.


Message History

Confirm with . or Enter, or press ? or * to list all spells.
Space distorts slightly along a thin shroud covering your body.
The river rat barely misses you.
Your unstable footing causes you to fumble your attack.
You closely miss the river rat. The river rat completely misses you.
You closely miss the river rat.
Your shroud bends the river rat's attack away.
Your unstable footing causes you to fumble your attack.
The river rat completely misses you.
You hit the river rat.
The river rat is lightly wounded.
The river rat barely misses you.
Your unstable footing causes you to fumble your attack.
The river rat bites you!
* * * LOW HITPOINT WARNING * * *
Your shroud falls apart!
You hit the river rat but do no damage.
The river rat is lightly wounded.
The river rat bites you.
You die...

........,,,,,,,,,,,,,,,,,,,,,* *
...###..,,,***,,,,,,,,,,,,,,,****
...# *,,,,,* *,,,,,,,,,*,,,,,,,,,
.#.# **,**** *,,,,,,,,,*,,,******
.#.# *,### *,###,,,,,,<,,,,,,,,
.#.# *##≈######≈##,,,,*,,,******
.#.#***#≈≈≈≈≈≈÷≈≈≈#,,,,,,,**
##,,,,,#≈≈≈####≈≈≈#,,,,****
******##≈##≈≈##@##,,,,*
#≈#≈≈.≈#r#****** #≈#≈r≈≈#≈#
##≈##≈≈##≈## ########≈÷≈#≈≈#≈≈≈#
......##≈≈≈#≈≈≈≈≈≈#
#####..##≈######≈## ##..#.# ###
##...#


You could see a river rat.

Vanquished Creatures
  A bullfrog zombie (D:4)
  A bullfrog skeleton (D:4)
  An orc wizard (D:3)
  A centaur skeleton (D:3)
  A hound zombie (D:4)
  7 adders
  3 gnolls
  An adder zombie (D:4)
  2 worms (D:3)
  3 dart slugs (D:2)
  3 leopard geckos
  3 orcs
  7 bats
  5 giant cockroaches
  5 hobgoblins
  3 frilled lizards
  2 giant cockroach zombies (D:4)
  6 goblins
  4 kobolds
  4 rats
63 creatures vanquished.

Notes
Turn   | Place    | Note
-------+----------+-------------------------------------------
     0 | D:1      | Gwenloh the Halfling Warper began the quest for the Orb.
     0 | D:1      | Reached XP level 1. HP: 14/14 MP: 3/3
     8 | D:1      | You fall into a shaft and drop 1 floor!
   185 | D:1      | Reached XP level 2. HP: 19/19 MP: 4/4
   189 | D:1      | Learned a level 2 spell: Blink
   192 | D:1      | Learned a level 2 spell: Shroud of Golubria
   858 | D:1      | Reached XP level 3. HP: 24/24 MP: 5/5
  2187 | D:3      | Reached XP level 4. HP: 29/29 MP: 3/6
  2195 | D:3      | Found a shattered altar of Ashenzari.
  2216 | D:3      | Found an ornate altar of the Wu Jian Council.
  2218 | D:3      | Found a radiant altar of Vehumet.
  2242 | D:3      | Reached skill level 1 in Slings
  2242 | D:3      | Reached skill level 1 in Charms
  2691 | D:3      | Found a shimmering blue altar of Sif Muna.
  2714 | D:3      | Reached skill level 4 in Translocations
  2714 | D:3      | Reached XP level 5. HP: 19/34 MP: 4/7
  3220 | D:3      | Found a sacrificial altar of Ru.
  4055 | D:3      | Reached XP level 6. HP: 33/39 MP: 3/9
  4124 | D:3      | Learned a level 3 spell: Gell's Gravitas
  4818 | D:4      | Found a hide-covered altar of Uskayaw.
  5089 | D:4      | Slain by a river rat

Levels and vault maps discovered:
D:1:      dpeg_arrival_court, layout_loops_ring
D:2:      layout_basic, first_ration
D:3:      layout_basic, overflow_temple_1_default, tgw_sif, ashenzari_altar_1,
          nicolae_overflow_hidden_temple
D:4:      layout_loops_ring, nicolae_overflow_crystal_walls, serial_undead,
          serial_undead_a, serial_undead_a, serial_undead_b, serial_undead_d,
          serial_undead_b, gup_sewer_entry_bubbles

Skill      XL: |  1  2  3  4  5  6 |
---------------+-------------------+-----
Short Blades   | 3 |  3.9
Slings         | 1 2 3 |  3.6
Charms         | 1 |  1.9
Translocations | 4 |  4.6
Spellcasting   | 2 |  2.1
Armour         | 2 |  2.5
Fighting       | |  1.8
Throwing       | |  1.0
Dodging        | |  2.4

Action                   |  1- 3 |  4- 6 || total
-------------------------+-------+-------++-------
Melee: Short sword       |    84 |   198 ||   282
 Fire: Hunting sling     |     9 |    89 ||    98
Throw: Stone             |   111 |     1 ||   112
       Dart              |       |     3 ||     3
 Cast: Shroud of Golubri |     2 |    22 ||    24
       Blink             |       |     2 ||     2
  Use: Scroll            |     2 |     2 ||     4
  Eat: Chunk             |     3 |     5 ||     8
       Ration            |       |     2 ||     2
Armor: Leather armour    |    27 |    30 ||    57
Dodge: Dodged            |    72 |   159 ||   231
